 Dungeon Crawl Stone Soup version 0.32-a0-656-g3542139ebd (webtiles) character file.

Game seed: 1254028739722264116

578 Dittersdorf the Trooper (level 7, 0/44 HPs)
             Began as a Gargoyle Fighter on Mar 8, 2024.
             Slain by a gnoll
             ... wielding a +0 halberd
              (4 damage)
             ... on level 4 of the Dungeon.
             The game lasted 00:02:24 (3161 turns).

Dittersdorf the Trooper (Gargoyle Fighter)          Turns: 3161, Time: 00:02:25

Health: 0/44       AC: 12    Str: 22    XL:     7   Next: 36%
Magic:  7/7        EV:  9    Int:  8    God:
Gold:   141        SH:  4    Dex:  9    Spells: 6/6 levels left

rFire   . . .        a - +0 flail
rCold   . . .        c - +0 buckler
rNeg    + . .        b - +0 scale mail
rPois   ∞            (no helmet)
rElec   +            (no cloak)
rCorr   .            (no gloves)
SInv    .            (no boots)
Will    .....        (no amulet) Stlth
                     (no ring)
HPRegen 0.27/turn    (no ring)
MPRegen 0.10/turn

%: no passive effects
@: no status effects
A: sickness immunity, AC +4, negative energy resistance 1, electricity
resistance, torment resistance 1, petrification resistance
a: no special abilities


You were on level 4 of the Dungeon.
You visited 1 branch of the dungeon, and saw 4 of its levels.

You collected 141 gold pieces.

Inventory:

Hand Weapons
 a - a +0 flail (weapon)
Missiles
 o - 9 curare-tipped darts (quivered)
Armour
 b - a +0 scale mail (worn)
 c - a +0 buckler (worn)
Jewellery
 j - an amulet of guardian spirit
Scrolls
 g - a scroll of poison {unknown}
 h - a scroll of amnesia {unknown}
 l - 2 scrolls of brand weapon {unknown}
 m - a scroll of fog {unknown}
 p - 3 scrolls of identify {unknown}
 q - a scroll of fear {unknown}
 s - 2 scrolls of teleportation {unknown}
 t - a scroll of revelation {unknown}
Potions
 d - a potion of might
 e - a potion of curing {unknown}
 f - 4 potions of brilliance {unknown}
 i - a potion of enlightenment {unknown}
 k - a potion of lignification {unknown}
 n - a potion of magic {unknown}
 r - 3 potions of degeneration {unknown}


   Skills:
 + Level 5.3 Fighting
 + Level 4.2 Maces & Flails
 + Level 5.3 Armour
 + Level 5.2 Shields


You had 6 spell levels left.
You didn't know any spells.
Your spell library contained the following spells:

 Spells                   Type           Power      Damage    Failure   Level
 Freeze                   Ice            0%         1d3       78%         1
 Frozen Ramparts          Ice            0%         1d1       98%         3
 Hailstorm                Conj/Ice       0%         3d5       98%         3
 Tukima's Dance           Hex            0%         N/A       98%         3
 Dimensional Bullseye     Hex/Tloc       0%         N/A       100%        4
 Iskenderun's Mystic Bla  Conj/Tloc      0%         2d3       100%        4


Dungeon Overview and Level Annotations

Branches:
Dungeon (4/15)
 Temple: D:4-7

Altars:
Nemelex Xobeh
The Shining One


Innate Abilities, Weirdness & Mutations

You are immune to sickness and miasma.
Your stone body is resilient. (AC +4)
You are immune to poison.
You resist negative energy. (rN+)
You are resistant to electric shocks. (rElec)
You are resistant to unholy torment.
You are immune to petrification.


Message History

You block the gnoll's attack. The gnoll barely misses you.
The gnoll attacks as it pursues you!
The gnoll hits you from afar with a +0 halberd.
* * * LOW HITPOINT WARNING * * *
The gnoll barely misses you.
The kobold brigand throws a poisoned dart.
The poisoned dart hits you!
The kobold brigand throws a poisoned dart.
The poisoned dart hits you!
The kobold brigand throws a poisoned dart.
You block the poisoned dart.
The kobold brigand throws a poisoned dart.
The poisoned dart closely misses you.
You hit the kobold brigand.
The kobold brigand is heavily wounded.
The kobold brigand hits you but does no damage.
The gnoll hits you from afar with a +0 spear.
* * * LOW HITPOINT WARNING * * *
The kobold brigand barely misses you.
You sock the kobold brigand!
You kill the kobold brigand!
The gnoll barely misses you. The gnoll hits you but does no damage.
The gnoll closely misses you.
Things that are here:
a +0 dagger; 3 poisoned darts You barely miss the gnoll.
The gnoll hits you but does no damage.
The gnoll hits you from afar with a +0 halberd!
* * * LOW HITPOINT WARNING * * *
You closely miss the gnoll. The gnoll barely misses you.
The gnoll closely misses you. The gnoll hits you but does no damage.
You sock the gnoll!
You kill the gnoll!
The gnoll misses you.
Throw: 10 darts (curare)
Press: ? - help, Q - select action Shift-Dir - straight line, f - gnoll
Aim: a gnoll, wielding a +0 halberd (56% to hit)
You throw a curare-tipped dart.
The curare-tipped dart barely misses the gnoll.
The gnoll hits you from afar with a +0 halberd.
You die...

#.# ##.........#
#.# ##........#
.........## #.#
##......##
..........# ##.#
##.....#
#.........# #..#
##...##
#.........# #..#
##.## #.........#
#..# ###
#.......(# #.##
#### #.......#
#@# ##..#
#...)g.###)#
#....
##..)..##.g#
##....
#....).....##
#.....
............(.##
###.....
#############..##
####.......
##..###..........
##.....###......
##.#### #......


You could see a gnoll.

Vanquished Creatures
  An ice beast (D:4)
  An ogre (D:4)
  A kobold brigand (D:4)
  A scorpion (D:4)
  A bombardier beetle (D:2)
  A hound (D:4)
  An iguana (D:4)
  An orc wizard (D:4)
  7 gnolls
  4 adders
  2 dart slugs (D:3)
  4 orcs (D:4)
  10 ball pythons
  2 bats (D:3)
  2 endoplasms
  2 giant cockroaches
  6 hobgoblins
  4 kobolds
  2 quokkas
  2 frilled lizards (D:3)
  6 goblins
  5 rats
66 creatures vanquished.

Notes
Turn   | Place    | Note
-------+----------+-------------------------------------------
     0 | D:1      | Dittersdorf the Gargoyle Fighter began the quest for the
                  | Orb.
     0 | D:1      | Reached XP level 1. HP: 14/14 MP: 1/1
    47 | D:1      | Reached XP level 2. HP: 3/19 MP: 2/2
   427 | D:1      | Reached XP level 3. HP: 23/23 MP: 3/3
   550 | D:1      | Found a faded altar of an unknown god.
  1527 | D:2      | Reached XP level 4. HP: 29/29 MP: 4/4
  1634 | D:3      | Found a sparkling altar of Nemelex Xobeh.
  1654 | D:3      | Found a glowing golden altar of the Shining One.
  2183 | D:3      | Reached XP level 5. HP: 24/33 MP: 5/5
  2787 | D:4      | Noticed an ogre
  2793 | D:4      | Killed an ogre
  2794 | D:4      | Reached XP level 6. HP: 30/39 MP: 6/6
  2901 | D:4      | Noticed an ice beast
  2914 | D:4      | Killed an ice beast
  2921 | D:4      | Reached skill level 5 in Fighting
  2921 | D:4      | Reached skill level 5 in Armour
  2921 | D:4      | Reached skill level 5 in Shields
  2942 | D:4      | Reached XP level 7. HP: 31/44 MP: 7/7
  3161 | D:4      | Slain by a gnoll

Illustrated notes

Levels and vault maps discovered:
D:1:      saegor_arrival_simple_e, layout_basic, shapermc_ecumenical_altar_gd,
          st_stairs_9
D:2:      layout_basic
D:3:      layout_basic, grunt_temple_overflow_open
D:4:      layout_cave_pods, corexii_leaking_fountain

Skill      XL: |  1  2  3  4  5  6 |
---------------+-------------------+-----
Fighting       | 4 5 |  5.3
Armour         | 4 5 |  5.3
Shields        | 4 5 |  5.2
Maces & Flails | 3 4 |  4.2

Action                     |  1- 3 |  4- 6 |  7- 9 || total
---------------------------+-------+-------+-------++-------
  Melee: Flail             |    88 |   173 |    18 ||   279
  Throw: Dart              |       |       |     1 ||     1
 Armour: Scale mail        |    70 |   151 |    27 ||   248
  Dodge: Dodged            |    45 |    66 |    20 ||   131
  Block: Buckler           |    27 |    47 |     9 ||    83

Table legend: (Time is in decaauts)
 A = Elapsed time spent in this place.
 B = Non-inter-level travel time spent in this place.
 C = Inter-level travel time spent in this place.
 D = Time resting spent in this place.
 E = Time spent auto-exploring this place.
 F = Levels seen in this place.
 G = Mean time per level.
                   A        B        C        D        E       F      G
               +--------+--------+--------+--------+--------+-----+--------+
         Total |   3241 |   3114 |    127 |    125 |   2376 |   4 |  810.2 |
       Dungeon |   3241 |   3114 |    127 |    125 |   2376 |   4 |  810.2 |
               +--------+--------+--------+--------+--------+-----+--------+

Top non-repeatable levels by time:
     D:3: 962 daAuts
     D:1: 871 daAuts
     D:2: 763 daAuts
     D:4: 644 daAuts
